 Dungeon Crawl Stone Soup version 0.30-a0-339-g89bb51ec76 (webtiles) character file.

Game seed: 18255975977527886800

1221 Moonkey the Magician (level 8, -26/45 HPs)
             Began as a Deep Elf Conjurer on Nov 1, 2022.
             Killed by an exploding water moccasin zombie (44 damage)
             ... ignited by their inner flame
             ... in an ossuary.
             The game lasted 00:18:28 (5156 turns).

Moonkey the Magician (Deep Elf Conjurer)            Turns: 5156, Time: 00:18:30

Health: -26/45     AC:  4    Str: 10    XL:     8   Next: 23%
Magic:  0/20       EV: 28    Int: 37    God:
Gold:   266        SH:  0    Dex: 13    Spells: 14/21 levels left

rFire   . . .      SeeInvis .    y - +4 dagger "Morg" {pain, Will+ Int+5}
rCold   . . .      Faith    .    (no shield)
rNeg    . . .      Spirit   .    a - +0 robe
rPois   .          Reflect  .    A - +0 helmet
rElec   .          Harm     .    w - scarf {repulsion}
rCorr   .          Rampage  .    (no gloves)
Will    +....                    x - +0 pair of boots
Stlth   +++.......               v - amulet of the acrobat
HPRegen 0.27/turn                d - +6 ring of intelligence
MPRegen 0.17/turn                s - +6 ring of strength

@: acrobatic, repel missiles
A: no striking features
a: no special abilities


You were in an ossuary.
You visited 1 branch of the dungeon, and saw 6 of its levels.
You also visited: Ossuary.

You collected 266 gold pieces.

Inventory:

Hand Weapons
 y - the +4 dagger "Morg" (weapon) {pain, Will+ Int+5}
   (You found it on level 4 of the Dungeon)

   In the hands of one skilled in necromantic magic, it inflicts extra damage on
   living creatures.
   Int:       It affects your intelligence (+5).
   Will:      It increases your willpower.
Armour
 a - a +0 robe (worn)
 e - a +0 pair of gloves
 w - a scarf of repulsion (worn)
 x - a +0 pair of boots (worn)
 A - a +0 helmet (worn)
Magical Staves
 u - a staff of air
Jewellery
 d - a +6 ring of intelligence (left hand)
 h - a +4 ring of slaying
 k - a ring of protection from cold
 s - a +6 ring of strength (right hand)
 v - an amulet of the acrobat (around neck)
Scrolls
 f - 2 scrolls of butterflies
 g - 2 scrolls of immolation
 i - a scroll of blinking
 m - 2 scrolls of amnesia
Potions
 b - a potion of magic
 c - a potion of cancellation {unknown}
 j - 4 potions of curing
 l - a potion of mutation {unknown}
 n - 4 potions of might
 p - a potion of invisibility {unknown}
 r - a potion of lignification {unknown}


   Skills:
 + Level 2.7 Fighting
 + Level 4.8 Dodging
 + Level 5.2 Stealth
 * Level 7.3 Spellcasting
 * Level 7.0 Conjurations
 + Level 2.7 Translocations


You had 14 spell levels left.
You knew the following spells:

 Your Spells              Type           Power      Damage    Failure   Level
a - Magic Dart            Conj           100%       1d8       1%          1
b - Searing Ray           Conj           100%       2d8       1%          2
c - Iskenderun's Mystic   Conj/Tloc      49%        2d11      3%          4

Your spell library contained the following spells:

 Spells                   Type           Power      Damage    Failure   Level
 Static Discharge         Conj/Air       78%        2-6/arc   1%          2
 Dazzling Flash           Conj/Hex       78%        N/A       1%          3
 Vhi's Electric Charge    Tloc/Air       46%        N/A       4%          3
 Fulminant Prism          Conj/Hex       19%        3d10      7%          4
 Sticky Flame             Conj/Fire      39%        2d6       7%          4
 Ignite Poison            Fire/Tmut/Pois 13%        N/A       9%          3
 Arcjolt                  Conj/Air       19%        1d29      19%         5
 Irradiate                Conj/Tmut      19%        3d18      19%         5
 Lightning Bolt           Conj/Air       19%        1d34      19%         5
 Animate Dead             Necr           13%        N/A       28%         4
 Blade Hands              Tmut           6%         N/A       63%         5
 Dragon Form              Tmut           6%         N/A       100%        7
 Haunt                    Necr/Summ      6%         N/A       100%        7
 Ignition                 Fire           6%         3d4       100%        8
 Infestation              Necr           6%         N/A       100%        8


Dungeon Overview and Level Annotations

Branches:
Dungeon (6/15)            Ossuary (1/1)
 Temple: D:4-7

Altars:
Okawaru
Uskayaw
The Shining One


Message History

A water moccasin zombie comes into view.
There is a gate leading back out of this place here.
The water moccasin zombie bites the withered plant!
The withered plant begins to crumble.
A bog mummy comes into view.
A mummy comes into view.
Okay, then.
Really read the scroll of immolation?
As you read the scroll of immolation, it crumbles to dust.
The creatures around you are filled with an inner flame!
The withered plant crumbles away.
Unknown command.
Casting: Searing Ray (safe; 1% risk of failure)
Confirm with . or Enter, or press ? or * to list all spells.
Aiming: Searing Ray (safe; 1% risk of failure)
Press: ? - help, Shift-Dir - straight line, f - bog mummy
Aim: a bog mummy (wandering, inner flame, hasn't noticed you, 92% to hit)
The searing ray misses the water moccasin zombie.
The searing ray hits the bog mummy!
Flame seeps out of the bog mummy.
The bog mummy is heavily damaged. (Press . to maintain the ray.)
The bog mummy is engulfed in blazing flames.
The bog mummy explodes!
The fiery explosion engulfs the mummy!!!
The mummy is burned terribly!
The mummy explodes!
The water moccasin zombie closely misses you.
The searing ray hits the water moccasin zombie!
Flame seeps out of the water moccasin zombie.
The water moccasin zombie is moderately damaged.
The water moccasin zombie is engulfed in blazing flames.
Flame seeps out of the water moccasin zombie.
The water moccasin zombie bites you.
The searing ray hits the water moccasin zombie!
Flame seeps out of the water moccasin zombie.
The water moccasin zombie is severely damaged.
The water moccasin zombie is engulfed in blazing flames.
The water moccasin zombie explodes!
The fiery explosion engulfs you!!!
Ouch! That really hurt!
You die... #.# +.# #.' +.# #.# +Z+

####~#####
#~§§§#§§§#
###§°§§○@#
#.§§#§§§#
###.#####
..~ #~~#
≈#P~ ≈≈###
≈≈


There were no monsters in sight!

Vanquished Creatures
  2 phantoms (D:4)
  2 scorpions (D:5)
  A wyvern zombie (Ossuary)
  2 water moccasin zombies (Ossuary)
  A howler monkey (D:5)
  A crimson imp (D:4)
  A bullfrog zombie (Ossuary)
  3 hounds (D:5)
  A centaur zombie (Ossuary)
  An orc priest (D:3)
  2 jellies
  4 mummies (Ossuary)
  Terence (D:2)
  An iguana (D:5)
  Natasha (thrice) (D:2)
  A scorpion zombie (D:4)
  A killer bee zombie (Ossuary)
  A hound skeleton (D:4)
  4 gnolls (D:5)
  8 adders
  A white imp (D:5)
  An ufetubus (D:6)
  An adder zombie (D:4)
  An adder skeleton (D:4)
  2 worms
  2 dart slugs
  6 orcs
  9 ball pythons
  3 bats
  3 endoplasms
  4 giant cockroaches
  6 goblins
  6 hobgoblins
  3 jackals (D:3)
  3 kobolds
  2 quokkas
  2 frilled lizards (D:3)
  A goblin skeleton (D:4)
  A goblin zombie (D:4)
  2 hobgoblin zombies (D:4)
  2 orc zombies (D:4)
  3 rats
105 creatures vanquished.

Vanquished Creatures (collateral kills)
  A mummy (Ossuary)
1 creature vanquished.

Vanquished Creatures (others)
  A wyvern zombie (Ossuary)
  A killer bee zombie (Ossuary)
  29 withered plants
31 creatures vanquished.

Grand Total: 137 creatures vanquished

Notes
Turn   | Place    | Note
-------+----------+-------------------------------------------
     0 | D:1      | Moonkey the Deep Elf Conjurer began the quest for the Orb.
     0 | D:1      | Reached XP level 1. HP: 10/10 MP: 6/6
   187 | D:1      | Reached XP level 2. HP: 15/15 MP: 5/8
   513 | D:1      | Found a faded altar of an unknown god.
   707 | D:2      | Learned a level 2 spell: Searing Ray
   796 | D:2      | Noticed Natasha
   799 | D:2      | Killed Natasha
   800 | D:2      | Reached XP level 3. HP: 8/20 MP: 6/10
   809 | D:2      | Noticed Natasha
   882 | D:2      | Killed Natasha
   883 | D:2      | Reached skill level 5 in Conjurations
   883 | D:2      | Reached XP level 4. HP: 24/24 MP: 4/12
  1018 | D:2      | Noticed Terence
  1023 | D:2      | Noticed Natasha
  1030 | D:2      | Killed Terence
  1031 | D:2      | Reached skill level 1 in Fighting
  1032 | D:2      | Killed Natasha
  1428 | D:2      | Reached XP level 5. HP: 29/29 MP: 11/13
  2460 | D:4      | Reached skill level 5 in Spellcasting
  2594 | D:4      | Found a glowing golden altar of the Shining One.
  2822 | D:4      | Reached XP level 6. HP: 34/34 MP: 9/15
  2910 | D:4      | Learned a level 4 spell: Iskenderun's Mystic Blast
  3334 | D:4      | Found the +4 dagger "Morg" {pain, Will+ Int+5}
  3446 | D:4      | Reached skill level 1 in Translocations
  3504 | D:4      | Found a hide-covered altar of Uskayaw.
  3918 | D:5      | Entered Level 5 of the Dungeon
  3942 | D:5      | Reached XP level 7. HP: 40/40 MP: 13/17
  4137 | D:5      | Found an iron altar of Okawaru.
  4883 | D:6      | Noticed a steam dragon
  5006 | D:6      | Found a sand-covered staircase.
  5015 | Ossuary  | Entered an ossuary
  5036 | Ossuary  | Reached XP level 8. HP: 34/45 MP: 3/20
  5050 | Ossuary  | Reached skill level 5 in Stealth
  5156 | Ossuary  | Killed by an exploding water moccasin zombie... ignited by
                  | their inner flame

Illustrated notes

Levels and vault maps discovered:
D:1:      amcnicky_arrival_double_pillar, layout_rooms,
          hellmonk_ecumenical_altar_crossroads
D:2:      layout_loops_ring, uniq_terence, uniq_natasha
D:3:      layout_basic, minmay_misc_feat_hallway, minmay_misc_feat_room,
          kennysheep_generic_room_13
D:4:      layout_basic, nicolae_tso_besieged_by_evil, nicolae_uskayaw_suspiria,
          minivault_1, st_stairs_11, roderic_lattice_a,
          dilly_guarded_unrand_morg
D:5:      layout_rooms, okawaru_gym_becter
D:6:      layout_loops_ring, lightli_ossuary_entry_decrepit_ruins, serial_shops,
          shop, shop, uniq_duvessa, uniq_pikel
Ossuary:  ossuary_zaba_flooded

Skill      XL: |  1  2  3  4  5  6  7  8 |
---------------+-------------------------+-----
Stealth        | 3 4 5 |  5.2
Dodging        | 3 4 |  4.8
Spellcasting   | 4 5 6 7 |  7.3
Conjurations   | 5 6 7 |  7.0
Fighting       | 1 2 |  2.7
Translocations | 1 2 |  2.7

Action                   |  1- 3 |  4- 6 |  7- 9 || total
-------------------------+-------+-------+-------++-------
Melee: Dagger            |       |       |     9 ||     9
 Cast: Magic Dart        |    38 |   107 |    59 ||   204
       Searing Ray       |     1 |    15 |    14 ||    30
Evoke: Wand              |       |       |     8 ||     8
  Use: Scroll            |       |       |    13 ||    13
Armor: Robe              |       |     1 |    11 ||    12
Dodge: Dodged            |       |    11 |    54 ||    65

Table legend: (Time is in decaauts)
 A = Elapsed time spent in this place.
 B = Non-inter-level travel time spent in this place.
 C = Inter-level travel time spent in this place.
 D = Time resting spent in this place.
 E = Time spent auto-exploring this place.
 F = Levels seen in this place.
 G = Mean time per level.
                   A        B        C        D        E       F      G
               +--------+--------+--------+--------+--------+-----+--------+
         Total |   5152 |   5073 |     79 |   1360 |   2916 |   7 |  736.0 |
       Dungeon |   5009 |   4930 |     79 |   1308 |   2916 |   6 |  834.8 |
       Ossuary |    142 |    142 |      0 |     52 |      0 |   1 |  142.0 |
               +--------+--------+--------+--------+--------+-----+--------+

Top non-repeatable levels by time:
     D:4: 1459 daAuts
     D:2: 999 daAuts
     D:5: 869 daAuts
     D:3: 817 daAuts
     D:1: 637 daAuts
     D:6: 226 daAuts
 Ossuary: 142 daAuts
